 Dungeon Crawl Stone Soup version 0.28-a0-1235-g7c8fac35f0 (webtiles) character file.

Game seed: 13373353869658674072

123 Lavandula the Changer (level 5, -5/37 HPs)
             Began as a Formicid Transmuter on Dec 25, 2021.
             Slain by a gnoll (6 damage)
             ... on level 4 of the Dungeon.
             The game lasted 00:05:06 (1591 turns).

Lavandula the Changer (Formicid Transmuter)         Turns: 1591, Time: 00:05:07

Health: -5/37      AC:  3    Str: 17    XL:     5   Next: 28%
Magic:  4/8        EV: 12    Int: 12    God:
Gold:   31         SH:  0    Dex: 11    Spells: 2/8 levels left

rFire   . . .      SeeInvis +     - Unarmed
rCold   . . .      Faith    .   (no shield)
rNeg    + . .      Spirit   .   a - +1 robe
rPois   .          Reflect  .   (helmet unavailable)
rElec   .          Harm     .   (no cloak)
rCorr   .          Rampage  .   (no gloves)
Will    .....                   (no boots)
Stlth   +.........              (no amulet)
HPRegen 0.12/turn               b - ring of positive energy
MPRegen 0.11/turn               (no ring)

@: no status effects
A: permanent stasis, dig shafts and tunnels, antennae 3, four strong arms
a: Dig, Shaft Self


You were on level 4 of the Dungeon.
You visited 1 branch of the dungeon, and saw 3 of its levels.

You collected 31 gold pieces.

Inventory:

Armour
 a - a +1 robe (worn)
Jewellery
 b - a ring of positive energy (left hand)


   Skills:
 - Level 1.1 Fighting
 - Level 1.7 Dodging
 - Level 4.0 Unarmed Combat
 - Level 2.1 Spellcasting
 + Level 4.7 Transmutations


You had 2 spell levels left.
You knew the following spells:

 Your Spells              Type           Power      Damage    Failure   Level
a - Beastly Appendage     Tmut           24%        N/A       3%          1
b - Wereblood             Tmut           12%        N/A       6%          2
c - Spider Form           Tmut/Pois      7%         N/A       30%         3

Your spell library contained the following spells:

 Spells                   Type           Power      Damage    Failure   Level
 Ice Form                 Ice/Tmut       7%         N/A       69%         4


Dungeon Overview and Level Annotations

Branches:
Dungeon (2/15)

Altars:

Portals:
Sewer: D:4


Innate Abilities, Weirdness & Mutations

You cannot be hasted, slowed, berserked, paralysed or teleported.
You can dig through walls and to a lower floor.
You have a pair of large antennae on your head. (SInv)
Your four strong arms can wield two-handed weapons with a shield.


Message History

Aim: a gnoll, wielding a +0 spear You toss away a scroll of enchant weapon.
The scroll of enchant weapon hits the gnoll but does no damage.
The gnoll hits you but does no damage. x3
Unknown command.
Toss (no damage): 2 scrolls of enchant armour
Press: ? - help, Shift-Dir - straight line, f/p - gnoll
Aim: a gnoll, wielding a +0 spear You toss away a scroll of enchant armour.
The scroll of enchant armour hits the gnoll but does no damage.
The gnoll hits you from afar with a +0 halberd.
* * * LOW HITPOINT WARNING * * *
The gnoll hits you but does no damage. x2
Toss (no damage): scroll of enchant armour
Press: ? - help, Shift-Dir - straight line, f/p - gnoll
Aim: a gnoll, wielding a +0 spear You toss away a scroll of enchant armour.
The scroll of enchant armour barely misses the gnoll.
The gnoll hits you but does no damage. x3
Unknown command.
You don't have any such object.
Fire/throw which item? (Showing full inventory) (? for menu, Esc to quit)
Okay, then.
Toss (no damage): 2 potions of lignification
Press: ? - help, Shift-Dir - straight line, f/p - gnoll
Aim: a gnoll, wielding a +0 spear You toss away a potion of lignification.
The potion of lignification hits the gnoll but does no damage.
The gnoll hits you but does no damage. x3
Unknown command.
Toss (no damage): potion of lignification
Press: ? - help, Shift-Dir - straight line, f/p - gnoll
Aim: a gnoll, wielding a +0 spear You toss away a potion of lignification.
The potion of lignification barely misses the gnoll.
You feel less wooden.
Your +1 robe unmelds from your body.
The gnoll closely misses you. The gnoll barely misses you.
The gnoll hits you from afar with a +0 spear.
You die...

#......##.##..
#......##.##.#
#......##.#...
###...###.#..#
#.#.###.#..##
######.##........# #
.......##.#####g.###.##
##.#.#.##.....g))....<#
..........######@.##..#
..#######.# #..<.#
..#≈≈≈SB#....(.#..#
..#≈≈∩SB+.######.##
.g#≈≈≈≈≈#.# #.#
.g#######.# #..
.(........# ###
.##########


You could see 2 gnolls.

Vanquished Creatures
  4 adders
  4 gnolls (D:4)
  2 dart slugs
  4 ball pythons
  7 endoplasms
  2 giant cockroaches (D:1)
  4 goblins
  3 hobgoblins
  2 quokkas (D:1)
  3 bats (D:1)
  2 frilled lizards (D:1)
  4 kobolds
  3 rats (D:1)
44 creatures vanquished.

Notes
Turn   | Place    | Note
-------+----------+-------------------------------------------
     0 | D:1      | Lavandula the Formicid Transmuter began the quest for the
                  | Orb.
     0 | D:1      | Reached XP level 1. HP: 15/15 MP: 3/3
    45 | D:1      | Reached XP level 2. HP: 10/21 MP: 3/5
   341 | D:1      | Reached XP level 3. HP: 26/26 MP: 4/6
   344 | D:1      | Learned a level 2 spell: Wereblood
   360 | D:1      | Learned a level 3 spell: Spider Form
   766 | D:1      | Found a faded altar of an unknown god.
  1097 | D:2      | Reached XP level 4. HP: 32/32 MP: 0/7
  1174 | D:2      | You fall into a shaft and drop 2 floors!
  1484 | D:4      | Found a glowing drain.
  1515 | D:4      | Reached XP level 5. HP: 15/37 MP: 0/8
  1582 | D:4      | HP: 2/55 [gnoll (6)]
  1588 | D:4      | HP: 2/55 [gnoll (1)]
  1591 | D:4      | Slain by a gnoll

Illustrated notes

Levels and vault maps discovered:
D:1:      scummos_arrival_hexagon, layout_rooms,
          shapermc_ecumenical_altar_pompeii
D:2:      wad_river_or_something, layout_loops_ring, kennysheep_generic_room_5,
          uniq_jessica
D:4:      layout_basic, gup_sewer_entry_glass

Skill      XL: |  1  2  3  4 |
---------------+-------------+-----
Unarmed Combat | 4 |  4.0
Transmutations | 3 4 |  4.7
Fighting       | |  1.1
Dodging        | |  1.7
Spellcasting   | |  2.1

Action                   |  1- 3 |  4- 6 || total
-------------------------+-------+-------++-------
Melee: Unarmed           |   117 |    29 ||   146
       Kick              |    14 |     1 ||    15
       Punch             |     1 |       ||     1
 Cast: Beastly Appendage |    12 |     1 ||    13
       Spider Form       |     2 |     4 ||     6
       Wereblood         |       |     3 ||     3
 Abil: Dig               |       |     2 ||     2
  Use: Scroll            |       |     5 ||     5
       Potion            |       |     1 ||     1
Armor: Robe              |    17 |       ||    17
       Skin              |     1 |    44 ||    45
Dodge: Dodged            |    77 |    21 ||    98

Table legend: (Time is in decaauts)
 A = Elapsed time spent in this place.
 B = Non-inter-level travel time spent in this place.
 C = Inter-level travel time spent in this place.
 D = Time resting spent in this place.
 E = Time spent auto-exploring this place.
 F = Levels seen in this place.
 G = Mean time per level.
                   A        B        C        D        E       F      G
               +--------+--------+--------+--------+--------+-----+--------+
         Total |   1583 |   1578 |      5 |     57 |   1099 |   3 |  527.7 |
       Dungeon |   1583 |   1578 |      5 |     57 |   1099 |   3 |  527.7 |
               +--------+--------+--------+--------+--------+-----+--------+

Top non-repeatable levels by time:
     D:1: 995 daAuts
     D:4: 417 daAuts
     D:2: 170 daAuts
